[Event "Late-Titled-Tuesday-Blitz-June-04-2024"]
[Site "Chess.com"]
[Date "2024.06.04"]
[Round "3"]
[White "bubeliang"]
[Black "The_Straightforward_Rook"]
[Result "1-0"]
[WhiteElo "2853"]
[BlackElo "2553"]
[TimeControl "180+1"]
[EndTime "14:27:08 PDT"]
[Termination "bubeliang won by resignation"]

1. e4 e6 2. b3 d5 3. Bb2 dxe4 4. Nc3 Nc6 5. Nxe4 Nf6 6. Nxf6+ gxf6 7. Nf3 Bg7 8. g3 O-O 9. Bg2 a5 10. a4 f5 11.
Bxg7 Kxg7 12. O-O Qf6 13. Re1 Rd8 14. Qe2 Bd7 15. d3 Be8 16. Ne5 Nxe5 17. Qxe5 Qxe5 18.
Rxe5 c6 19. Rae1 Rd4 20. Rc5 Kf6 21. f4 b6 22. Rce5 Rad8 23. Kf2 b5 24. Ra1 bxa4 25.
Rxa4 Rxa4 26. bxa4 c5 27. Rxc5 Bxa4 28. Ke3 Rd7 29. Rc4 Bb5 30. Rc5 Ba4 31. Kd2 Ra7 32.
Rc3 Bd7 33. Ra3 e5 34. fxe5+ Kxe5 35. Ke3 Be6 36. c4 Kd6 37. Kd4 h6 38. c5+ Kc7 39. Kc3 a4 40. d4 Bb3 41. d5 Ra5 42. Kb4 Ra7 43. d6+ Kd7 44. Bf1 Rb7+ 45. Bb5+ Ke6 46. c6 Rb6 47. c7 1-0

[Event "Late-Titled-Tuesday-Blitz-June-04-2024"]
[Site "Chess.com"]
[Date "2024.06.04"]
[Round "3"]
[White "Bugcrusher"]
[Black "Nf3c5"]
[Result "0-1"]
[WhiteElo "2427"]
[BlackElo "2606"]
[TimeControl "180+1"]
[EndTime "14:27:08 PDT"]
[Termination "Nf3c5 won by resignation"]

1. d4 Nf6 2. Bf4 c5 3. e3 d5 4. Nf3 Nc6 5. Nbd2 cxd4 6. exd4 Bg4 7. Bb5 Qb6 8. c4 e6 9. O-O Be7 10. h3 Bh5 11. Qa4 Bxf3 12. Nxf3 dxc4 13. Ne5 Rc8 14. Nxc4 Qd8 15. Qxa7 O-O 16. Qxb7 Nxd4 17. Rfd1 Bc5 18.
Be5 Ne2+ 19. Kf1 Nd5 20. Kxe2 Qh4 21. Bg3 Qe4+ 22. Kf1 Ne3+ 23. Nxe3 Qxb7 24. a4 Bxe3 25. fxe3 Rc2 26. Bf2 f5 27. Rd7 Qe4 28. Rad1 f4 29. Bd3 Rxf2+ 30. Kxf2 Qxe3+ 31. Kf1 f3 32. g4 f2 33. Bc4 Qxh3+ 34. Ke2 f1=Q+ 35. Rxf1 Qxf1+ 0-1

[Event "Late-Titled-Tuesday-Blitz-June-04-2024"]
[Site "Chess.com"]
[Date "2024.06.04"]
[Round "3"]
[White "sari07"]
[Black "fly_21"]
[Result "1-0"]
[WhiteElo "2383"]
[BlackElo "2595"]
[TimeControl "180+1"]
[EndTime "14:27:10 PDT"]
[Termination "sari07 won by checkmate"]

1. d4 Nf6 2. Nf3 g6 3. Nbd2 d5 4. b4 Bg7 5. e3 O-O 6. Be2 a5 7. b5 c5 8. bxc6 Nxc6 9. Bb2 Bf5 10. a3 Ne4 11. O-O Rc8 12. c4 Nxd2 13. Nxd2 e5 14. cxd5 Qxd5 15. e4 Bxe4 16. Bc4 Qd7 17. Nxe4 Nxd4 18.
Bd3 f5 19. Ng5 h6 20. Bxd4 hxg5 21. Bb2 Rfd8 22. Qb3+ Kh7 23. Bb5 Qe7 24. Rfd1 Rc5 25. a4 Qc7 26. Rxd8 Qxd8 27. Rd1 Qc8 28. Bd7 Qc7 29.
Qh3+ Kg8 30. Be6+ Kf8 31. Ba3 b6 32. Qh7 Ke7 33. Qxg7+ Kxe6 34. Qxg6+ Ke7 35. Qxg5+ Kf7 36.
Qxf5+ Kg8 37. Bxc5 bxc5 38. Qg6+ Kf8 39. Qf6+ Ke8 40.
Rd6 Qh7 41. Rd8# 1-0

[Event "Late-Titled-Tuesday-Blitz-June-04-2024"]
[Site "Chess.com"]
[Date "2024.06.04"]
[Round "3"]
[White "kingofthenil"]
[Black "cthulhuuu"]
[Result "1-0"]
[WhiteElo "2884"]
[BlackElo "2443"]
[TimeControl "180+1"]
[EndTime "14:27:11 PDT"]
[Termination "kingofthenil won on time"]

1. b3 Nf6 2. Bb2 g6 3. Nf3 Bg7 4. g3 O-O 5. Bg2 d6 6. d4 Re8 7. O-O c6 8. c4 Nbd7 9. Qd2 Ne4 10.
Qc2 d5 11. Rc1 b6 12. Nbd2 Ndf6 13. Ne5 Bf5 14. Nxc6 Qd6 15. cxd5 Nxg3 16. Qd1 Nge4 17. Nxe4 Bxe4 18. Bxe4 Nxe4 19. f3 Nf2 20. Kxf2 Qxh2+ 21. Ke3 Bh6+ 22. Kd3 Qf4 23. Kc3 e6 24. Rc2 exd5 25. Bc1 Qf6 26. Bxh6 Qxc6+ 27. Kb2 Qf6 28. Qd3 Rac8 29.
Rac1 Rxc2+ 30. Rxc2 g5 31. Qb5 Re6 32. Rc8+ 1-0

[Event "Late-Titled-Tuesday-Blitz-June-04-2024"]
[Site "Chess.com"]
[Date "2024.06.04"]
[Round "3"]
[White "ivanquiroga"]
[Black "VladimirBugayev"]
[Result "0-1"]
[WhiteElo "2533"]
[BlackElo "2328"]
[TimeControl "180+1"]
[EndTime "14:27:13 PDT"]
[Termination "VladimirBugayev won by resignation"]

1. d4 Nf6 2. c4 c5 3. Nf3 cxd4 4.
Nxd4 Nc6 5. Nc3 g6 6. Nxc6 bxc6 7. e4 d6 8. Be3 Bg7 9. f3 O-O 10. Be2 a5 11. O-O Rb8 12. Qd2 Nd7 13.
Rac1 Nc5 14. b3 a4 15. Bxc5 dxc5 16. Qxd8 Rxd8 17. Nxa4 Rd2 18. Bd1 Rxa2 19. Kh1 Bd4 20. Re1 e5 21. Re2 Rxe2 22. Bxe2 f5 23. Rb1 Rb4 24.
Bd3 Be6 25. g3 f4 26. Kg2 Kg7 27. Bc2 h5 28. Bd3 g5 29. Bc2 g4 30. Bd3 Kf6 31. Bc2 Kg5 32. Bd3 h4 33. gxh4+ Kxh4 34. Be2 gxf3+ 35. Bxf3 Bxc4 36. Bd1 Bd3 37. Rc1 Bxe4+ 38.
Kf1 c4 39. bxc4 c5 40. Ke1 Bc6 41. Nc3 Rxc4 42. Ne2 Rxc1 43. Nxc1 e4 44. Bc2 Kh3 45. Ne2 Be5 46. Kf1 Kxh2 47. Ng1 Kg3 48. Ne2+ Kg4 49. Bd1 f3 50. Nc1 Bb5+ 51. Ke1 Bc3+ 52. Kf2 Kf4 53.
Bxf3 Bd4+ 54. Ke1 exf3 55. Nb3 f2+ 0-1

[Event "Late-Titled-Tuesday-Blitz-June-04-2024"]
[Site "Chess.com"]
[Date "2024.06.04"]
[Round "3"]
[White "TanitoluwaAps116"]
[Black "ulises2013"]
[Result "1-0"]
[WhiteElo "2709"]
[BlackElo "2915"]
[TimeControl "180+1"]
[EndTime "14:27:15 PDT"]
[Termination "TanitoluwaAps116 won by resignation"]

1. Nf3 g6 2. e4 Bg7 3. d4 c5 4. dxc5 Qa5+ 5. Bd2 Qxc5 6. Nc3 Nf6 7. Bd3 O-O 8. O-O d6 9. h3 Qb6 10. Re1 Nc6 11. Nd5 Nxd5 12. exd5 Ne5 13. Nxe5 Bxe5 14. Rb1 Bd7 15. Kf1 Rac8 16. c3 Rfe8 17. Bg5 a6 18. Qe2 Kg7 19. f4 Bf6 20. Bxf6+ exf6 21. Qf2 Qa5 22. a3 Qxd5 23. Rbd1 Bc6 24. Be2 Qc5 25. Qd4 Rcd8 26. Kf2 b5 27. Bd3 Qxd4+ 28. cxd4 Bd5 29. Rc1 Rc8 30. Rxe8 Rxc1 31. Rd8 Rc6 32. g3 h5 33. h4 Be6 34. Ke3 Rb6 35. Kd2 a5 36. Kc3 Rc6+ 37. Kd2 b4 38. axb4 axb4 39. Bb5 Rb6 40. Bd3 b3 41.
Kc3 Rc6+ 42. Kd2 Bg4 43. Be4 Ra6 44. Kc3 Be6 45. d5 Bg4 46. Kxb3 Be2 47. Kc3 f5 48. Bc2 Ra5 49. Rxd6 Rc5+ 50. Kd2 Bf3 51. Bb3 Kf8 52. Kd3 Ke7 53. Rb6 Bxd5 54. Kd4 Rc6 55. Rb7+ Ke8 56. Bxd5 Rc1 57. b4 Kd8 58. b5 Rg1 59.
Rxf7 Rxg3 60. b6 Kc8 61. b7+ Kb8 62. Rf8+ Kc7 63. b8=Q+ 1-0

[Event "Late-Titled-Tuesday-Blitz-June-04-2024"]
[Site "Chess.com"]
[Date "2024.06.04"]
[Round "3"]
[White "Seppppppy"]
[Black "Yaacovn"]
[Result "0-1"]
[WhiteElo "2201"]
[BlackElo "2798"]
[TimeControl "180+1"]
[EndTime "14:27:15 PDT"]
[Termination "Yaacovn won by resignation"]

1. d4 Nf6 2. c4 e5 3. dxe5 Ne4 4.
Nf3 Nc6 5. e3 d6 6. exd6 Bxd6 7.
Bd3 Bb4+ 8. Ke2 Qe7 9. a3 Bd6 10.
Nbd2 Bf5 11. Qc2 Nxd2 12. Bxd2 Bg4 13. Bc3 O-O-O 14. h3 Bxf3+ 15. gxf3 Be5 16. Be4 Bxc3 17. Qxc3 Ne5 18. Rad1 g6 19. f4 Nd7 20. Bg2 c6 21. Rd2 Nc5 22. Rhd1 Rxd2+ 23. Rxd2 Re8 24. b4 Ne6 25.
Qe5 f6 26. Qe4 f5 27. Qe5 g5 28. Qxf5 gxf4 29. Rd4 Rf8 30. Qe4 Nxd4+ 31. Qxd4 fxe3 32. fxe3 Qf6 33. Qg4+ Kb8 34. Qg3+ Ka8 35. Bf3 Qb2+ 36. Kd3 Qxa3+ 37. Ke4 Re8+ 38. Kf4 Qxe3+ 39. Kf5 Rf8+ 40. Kg4 Rg8+ 0-1

[Event "Late-Titled-Tuesday-Blitz-June-04-2024"]
[Site "Chess.com"]
[Date "2024.06.04"]
[Round "3"]
[White "The_Sherman_Variation"]
[Black "dealshark"]
[Result "1-0"]
[WhiteElo "2597"]
[BlackElo "2420"]
[TimeControl "180+1"]
[EndTime "14:27:15 PDT"]
[Termination "The_Sherman_Variation won by resignation"]

1. b3 d5 2. Bb2 c5 3. e3 Nf6 4. Nf3 g6 5. c4 e6 6. cxd5 exd5 7. Bb5+ Bd7 8. Bxd7+ Nbxd7 9. O-O Bg7 10. d4 O-O 11. dxc5 Nxc5 12. Bd4 Rc8 13. Nc3 a6 14. Rc1 Nce4 15.
Nxe4 dxe4 16. Nd2 Qe7 17. Nc4 Rfd8 18. Qe2 b5 19. Ne5 Qd6 20. Qb2 Ne8 21. f4 f6 22. Ng4 h5 23. Nf2 f5 24. Bxg7 Nxg7 25. Rxc8 Rxc8 26. Rd1 Qc5 27. Qd2 Ne6 28. Qd7 Qc6 29.
Qe7 Rc7 30. Qf6 Kh7 31. Nh3 a5 32. Qxe6 Qxe6 33. Ng5+ Kh6 34. Nxe6 Rc2 35. Rd7 Rxa2 36. Ng5 Ra1+ 37. Kf2 Ra2+ 38. Kg3 1-0

[Event "Late-Titled-Tuesday-Blitz-June-04-2024"]
[Site "Chess.com"]
[Date "2024.06.04"]
[Round "3"]
[White "MeisterJabo"]
[Black "ENajer77"]
[Result "0-1"]
[WhiteElo "2509"]
[BlackElo "2852"]
[TimeControl "180+1"]
[EndTime "14:27:19 PDT"]
[Termination "ENajer77 won by checkmate"]

1. c4 e5 2. g3 d6 3. Bg2 f5 4. Nc3 Be7 5. b4 Nf6 6. d3 O-O 7. Nf3 Qe8 8. O-O Qh5 9. e3 Nc6 10. b5 Nd8 11. Nd5 Nxd5 12. cxd5 Bd7 13. a4 a6 14. Rb1 axb5 15. axb5 b6 16. Nd2 Qxd1 17. Rxd1 Ra5 18. Nc4 Rxb5 19. Ra1 Nf7 20. Bd2 Rb3 21.
Bf1 Ng5 22. Be2 f4 23. exf4 exf4 24. Bxf4 Nh3+ 25. Kg2 Nxf4+ 26. gxf4 Rxf4 27. Ra7 Bd8 28. Ra8 Rf8 29. Ra7 Bf5 30. Ne3 Rb2 31. Re1 Bg6 32. Kg1 Bh4 33. Nd1 Rc2 34. Kg2 Re8 35. Ne3 Rxe3 36. fxe3 Bxe1 37. Kf1 Rc1 38. e4 h5 39. Ra8+ Kh7 40. Kg2 Bc3 41. h4 Bf6 42. Kg3 b5 43. Rb8 Rc2 44. Kf3 Rc5 45. Kg3 Be5+ 46. Kf3 Bd4 47.
Kf4 Rc2 48. Bf3 Rh2 49. Kg3 Be5# 0-1

[Event "Late-Titled-Tuesday-Blitz-June-04-2024"]
[Site "Chess.com"]
[Date "2024.06.04"]
[Round "3"]
[White "MuhittinBuker"]
[Black "Jeppesen08"]
[Result "1/2-1/2"]
[WhiteElo "2230"]
[BlackElo "2451"]
[TimeControl "180+1"]
[EndTime "14:27:19 PDT"]
[Termination "Game drawn by repetition"]

1. d4 c5 2. d5 e5 3. e4 d6 4. Nc3 Be7 5. Nf3 Bg4 6. Be2 Bxf3 7.
Bxf3 Bg5 8. O-O a6 9. a4 Nd7 10.
a5 Bxc1 11. Qxc1 Ne7 12. Qd2 O-O 13. Na4 f5 14. b3 Ng6 15. Nb2 Nh4 16. Qd3 Nxf3+ 17.
Qxf3 fxe4 18. Qxe4 Rf4 19. Qe2 Nf6 20. Nc4 Nxd5 21.
Rfd1 Nc3 22. Qh5 Nxd1 23. Rxd1 g6 24. Qh3 Rd4 25. Rxd4 cxd4 26. Qe6+ Kg7 27. Nxd6 Qf6 28. Ne8+ Rxe8 29. Qxe8 Qf4 30. g3 Qe4 31. Qe7+ Kh6 32.
h3 Qxc2 33. Qxe5 d3 34. Qe3+ Kg7 35. Qe7+ Kg8 36. Qe8+ Kg7 37. Qe7+ Kg8 38. Qe8+ Kg7 39.
Qe7+ 1/2-1/2

[Event "Late-Titled-Tuesday-Blitz-June-04-2024"]
[Site "Chess.com"]
[Date "2024.06.04"]
[Round "3"]
[White "nihalsarin"]
[Black "JoakimVonAnd"]
[Result "1-0"]
[WhiteElo "3245"]
[BlackElo "2776"]
[TimeControl "180+1"]
[EndTime "14:27:21 PDT"]
[Termination "nihalsarin won by resignation"]

1. Nc3 d5 2. Nf3 Nf6 3. e3 Bf5 4. Nh4 Bc8 5. f4 g6 6. b3 Bg7 7.
Bb2 O-O 8. Bd3 Nc6 9. O-O e5 10. fxe5 Nxe5 11. Ne2 Nxd3 12. cxd3 Ng4 13. Bxg7 Qxh4 14.
h3 Kxg7 15. hxg4 Bxg4 16. Rf2 c6 17. Qc2 Bxe2 18. Rxe2 Rae8 19. Rf1 f5 20. Ref2 Qf6 21. Qc5 a6 22. Qb6 Rf7 23. b4 Rd7 24. a4 Qd8 25.
Qd4+ Qf6 26. Qb6 Qd8 27. Qd4+ Qf6 28. Qc5 Qe7 29. Qc3+ Qe5 30. d4 Qd6 31. Qb2 h5 32. b5 cxb5 33. axb5 h4 34. Rf4 Rh8 35. bxa6 bxa6 36.
R1f3 Qc6 37. d3 Rb7 38. Qa3 Rb1+ 39. Rf1 Rb7 40. e4 h3 41. exf5 hxg2 42. Kxg2 Rh5 43.
Rg4 Qc2+ 44. Kf3 Rh3+ 45. Rg3 Rxg3+ 46. Kxg3 Qe2 47. Rf3 Qe1+ 48. Kg4 Qg1+ 49. Rg3 Qxd4+ 50. Kh3 Qf6 51. Rxg6+ Qxg6 52. fxg6 Kxg6 53. Qxa6+ 1-0

[Event "Late-Titled-Tuesday-Blitz-June-04-2024"]
[Site "Chess.com"]
[Date "2024.06.04"]
[Round "3"]
[White "KChor05"]
[Black "MatthewG-p4p"]
[Result "0-1"]
[WhiteElo "2637"]
[BlackElo "2891"]
[TimeControl "180+1"]
[EndTime "14:27:21 PDT"]
[Termination "MatthewG-p4p won by resignation"]

1. e4 e6 2. d4 d5 3. Nd2 a6 4.
Ngf3 Nf6 5. e5 Nfd7 6. Bd3 c5 7. c3 Nc6 8. O-O g5 9. dxc5 g4 10. Nd4 Ndxe5 11. N2b3 Nxd3 12. Qxd3 e5 13. Nxc6 bxc6 14. Re1 Bg7 15. Bf4 f6 16. Nd4 Qd7 17. Bg3 O-O 18.
Nc2 a5 19. Ne3 f5 20. Bh4 f4 21. Nc2 Qf7 22. g3 Bf5 23. Qd2 Be4 24. Rxe4 dxe4 25.
Re1 Qc4 26. Na3 Qxc5 27. Rxe4 Qd5 28. Qe2 f3 29. Qe1 Ra7 30. Nc4 Rd7 31. Rxg4 h5 32.
Re4 Qxe4 0-1

[Event "Late-Titled-Tuesday-Blitz-June-04-2024"]
[Site "Chess.com"]
[Date "2024.06.04"]
[Round "3"]
[White "Kombinator01"]
[Black "Lennis93"]
[Result "1-0"]
[WhiteElo "2491"]
[BlackElo "2731"]
[TimeControl "180+1"]
[EndTime "14:27:22 PDT"]
[Termination "Kombinator01 won on time"]

1. d4 Nf6 2. Bf4 g6 3. Nc3 Bg7 4. e4 d6 5. Qd2 a6 6. Bh6 Bxh6 7.
Qxh6 Ng4 8. Qd2 e5 9. f3 Nf6 10. Nge2 Qe7 11. O-O-O b5 12. g4 b4 13. Nd5 Nxd5 14.
exd5 a5 15. Ng3 O-O 16. h4 Nd7 17. h5 Bb7 18. Bc4 Nb6 19. Qd3 a4 20. Ne4 g5 21.
Ng3 f6 22. Nf5 Qd7 23. Bb5 Qd8 24. Bc6 Bxc6 25. dxc6 Kh8 26. d5 Ra5 27. Qe4 b3 28. cxb3 axb3 29. a3 Rc5+ 30. Kb1 Rc4 31. Qd3 Rf4 32.
Qxb3 Re8 33. h6 e4 34. Ng7 Rxf3 35. Qc2 Re5 36. Ne6 Qe7 37. Rhe1 Nxd5 38. Nd4 Ne3 39.
Qa4 Nxd1 40. Rxd1 Rd3 41. Re1 Kg8 42. Nf5 Qe8 43. Qc4+ Qe6 44. Qa6 Kf7 45. Qb7 Rxf5 46. gxf5 Qe7 47. Qc8 e3 48. Qh8 1-0

[Event "Late-Titled-Tuesday-Blitz-June-04-2024"]
[Site "Chess.com"]
[Date "2024.06.04"]
[Round "3"]
[White "Bkmzzzzz"]
[Black "ncofre98"]
[Result "0-1"]
[WhiteElo "2415"]
[BlackElo "2589"]
[TimeControl "180+1"]
[EndTime "14:27:22 PDT"]
[Termination "ncofre98 won by checkmate"]

1. e4 c5 2. Nf3 d6 3. d4 cxd4 4. Qxd4 Nf6 5. Nc3 Nc6 6. Bb5 Bd7 7. Qd3 g6 8. Bg5 Bg7 9. O-O-O Ng4 10. Bh4 O-O 11. Kb1 Rc8 12. Nd5 Re8 13. h3 Nge5 14. Nxe5 Nxe5 15. Qe2 Rc5 16. Bxd7 Qxd7 17. f4 Nc4 18. c3 b5 19. Bf2 Rc6 20. Bd4 Rb8 21. Bxg7 Kxg7 22. b3 Nb6 23. Kb2 Rbc8 24. Qxb5 Rb8 25.
Nxb6 Rbxb6 26. Qd3 a5 27. Rd2 Qa7 28. Rhd1 a4 29. b4 a3+ 30. Ka1 h5 31. g4 hxg4 32. hxg4 Qc7 33. Qd4+ e5 34. fxe5 dxe5 35. Qf2 Rxc3 36.
Rd7 Rc1+ 37. Rxc1 Qxc1# 0-1

[Event "Late-Titled-Tuesday-Blitz-June-04-2024"]
[Site "Chess.com"]
[Date "2024.06.04"]
[Round "3"]
[White "el_sporco"]
[Black "giovannibrandao7"]
[Result "0-1"]
[WhiteElo "2543"]
[BlackElo "2348"]
[TimeControl "180+1"]
[EndTime "14:27:22 PDT"]
[Termination "giovannibrandao7 won by resignation"]

1. e4 c5 2. Nf3 d6 3. d4 cxd4 4. Nxd4 Nf6 5. Nc3 a6 6. Be3 e5 7. Nb3 Be6 8. f3 Be7 9. Qd2 b5 10. O-O-O Nbd7 11. g4 b4 12. Nd5 Bxd5 13. exd5 Nb6 14. Qxb4 Nfxd5 15. Bxb6 Nxb6 16. Qe4 O-O 17. Kb1 Qc7 18. c4 a5 19. Bd3 g6 20. h4 a4 21. Nd2 a3 22. b3 Rab8 23. Ka1 f5 24.
Qe2 e4 25. fxe4 Bf6+ 26. Kb1 Na4 27. Kc2 Nc3 28. Qg2 Nxa2 29. gxf5 Nb4+ 30. Kc1 Nxd3+ 31. Kb1 a2+ 32. Kxa2 Qa5+ 33. Kb1 Qa1+ 34. Kc2 Qc3+ 0-1

[Event "Late-Titled-Tuesday-Blitz-June-04-2024"]
[Site "Chess.com"]
[Date "2024.06.04"]
[Round "3"]
[White "NajdorfPlayerc5"]
[Black "MKlose11"]
[Result "1-0"]
[WhiteElo "2444"]
[BlackElo "2596"]
[TimeControl "180+1"]
[EndTime "14:27:24 PDT"]
[Termination "NajdorfPlayerc5 won by checkmate"]

1. e4 e6 2. d4 d5 3. Nc3 Bb4 4.
a3 Bxc3+ 5. bxc3 dxe4 6. Qg4 Nf6 7. Qxg7 Rg8 8. Qh6 Rg6 9. Qd2 b6 10. Nh3 Bb7 11. Nf4 Rg8 12. Bb2 Nbd7 13. c4 Qe7 14.
Be2 O-O-O 15. O-O-O e5 16. dxe5 Nxe5 17. Qc3 Nfd7 18.
Nd5 Qc5 19. Qb4 Rxg2 20. Qxc5 bxc5 21. Bxe5 Bxd5 22. Rxd5 c6 23. Rxd7 Rxd7 24. Bg3 Kb7 25. Bf1 Rxg3 26. hxg3 f5 27. Rh5 Rf7 28. Bh3 f4 29. gxf4 Rxf4 30. Rxh7+ Kb6 31. Bg2 Rxf2 32. Bxe4 Rf4 33. Re7 Rh4 34. Re6 Ka5 35. Kb2 a6 36.
Kb3 Rh3+ 37. c3 Rh4 38. Bxc6 Rh3 39. Bb7 Rh6 40. Rxa6+ Rxa6 41. Bxa6 Kxa6 42. Kc2 Ka5 43. Kd3 Ka4 44. Ke4 Kxa3 45. Kd5 Kb3 46. Kxc5 Kxc3 47.
Kd5 Kb4 48. c5 Kb5 49. Kd6 Ka6 50. c6 Ka7 51. Kd7 Kb6 52. c7 Ka7 53. c8=Q Kb6 54. Qc6+ Ka7 55. Qb5 Ka8 56. Kc7 Ka7 57. Qa5# 1-0

[Event "Late-Titled-Tuesday-Blitz-June-04-2024"]
[Site "Chess.com"]
[Date "2024.06.04"]
[Round "3"]
[White "dretch"]
[Black "xakevicius91"]
[Result "1-0"]
[WhiteElo "2868"]
[BlackElo "2567"]
[TimeControl "180+1"]
[EndTime "14:27:25 PDT"]
[Termination "dretch won by resignation"]

1. d4 Nf6 2. c4 e6 3. Nc3 Bb4 4. Qc2 c5 5. dxc5 O-O 6. a3 Bxc5 7. Nf3 b6 8. Bg5 Bb7 9. Rd1 Be7 10. e4 h6 11. Bf4 Nc6 12. Be2 Rc8 13. O-O Nh5 14. Be3 Qc7 15. Nb5 Qb8 16. Rxd7 Rfd8 17. Rxd8+ Rxd8 18. Rd1 Nf4 19. Rxd8+ Bxd8 20. Bf1 a6 21.
Nc3 Ne5 22. Nxe5 Qxe5 23. Qd2 Bc7 24. g3 Ng6 25. Qd7 Nf8 26. Qe7 g5 27. f4 gxf4 28.
gxf4 Qd6 29. Qxd6 Bxd6 30. e5 Bc7 31. Bg2 Bxg2 32. Kxg2 Nd7 33. Ne4 Kf8 34. Kf3 Ke7 35. Bd4 Nb8 36. h4 Nc6 37. Bc3 b5 38. cxb5 axb5 39.
h5 Bb6 40. Nf6 Nd4+ 41. Bxd4 Bxd4 42. b3 1-0

[Event "Late-Titled-Tuesday-Blitz-June-04-2024"]
[Site "Chess.com"]
[Date "2024.06.04"]
[Round "3"]
[White "czasnaszachy"]
[Black "ChEsper99"]
[Result "1-0"]
[WhiteElo "2469"]
[BlackElo "2232"]
[TimeControl "180+1"]
[EndTime "14:27:25 PDT"]
[Termination "czasnaszachy won on time"]

1. e4 e6 2. d4 d5 3. Nc3 Nf6 4. e5 Nfd7 5. f4 c5 6. Nf3 Nc6 7. Be3 Qb6 8. Na4 Qa5+ 9. c3 c4 10. b4 cxb3 11. axb3 b5 12. b4 Nxb4 13. cxb4 Bxb4+ 14. Kf2 bxa4 15. Rxa4 Qb6 16. Bd3 g6 17. g4 a5 18. f5 Ba6 19. Kg3 Bxd3 20. Qxd3 gxf5 21. gxf5 Rg8+ 22. Kh3 exf5 23. Qxf5 Qe6 24. Nh4 Rc8 25. Rf1 Rc3 26. Rf3 Nb6 27. Ra1 Nc4 28. Qxe6+ fxe6 29. Bf2 Rxf3+ 30. Nxf3 Kd7 31. Be1 Bxe1 32. Nxe1 Kc6 33. Nd3 Rf8 34. Kg3 Kb5 35. Nc5 Re8 36. Rb1+ 1-0

[Event "Late-Titled-Tuesday-Blitz-June-04-2024"]
[Site "Chess.com"]
[Date "2024.06.04"]
[Round "3"]
[White "Rud_Makarian"]
[Black "kemelgallo"]
[Result "1-0"]
[WhiteElo "2987"]
[BlackElo "2718"]
[TimeControl "180+1"]
[EndTime "14:27:27 PDT"]
[Termination "Rud_Makarian won on time"]

1. d4 d5 2. c4 e6 3. Nf3 Nf6 4. Nc3 Nbd7 5. cxd5 exd5 6. Bf4 c6 7. h3 Be7 8. e3 O-O 9. Bd3 Re8 10. O-O Nf8 11.
Qc2 Ng6 12. Bh2 Bd6 13. Bxd6 Qxd6 14. a3 a5 15. Rae1 Bd7 16. Rb1 b5 17. Rbc1 Rac8 18. Rfd1 Qb8 19. Ne2 Ne4 20. Nd2 f5 21. Nf3 f4 22.
exf4 Nxf4 23. Ne5 Nxe2+ 24. Qxe2 Bf5 25. Bxe4 Bxe4 26. Qg4 Qd6 27. Rc5 Rc7 28. Rdc1 Re6 29. Rxc6 Rxc6 30. Rxc6 Qxc6 31. Nxc6 Rxc6 32. Qd7 Rc1+ 33.
Kh2 Bg6 34. Qxd5+ Kf8 35. Qxb5 Rc2 36. d5 Bf5 37. d6 Be6 38. Qe5 Kf7 39. Qf4+ Ke8 40. Qe4 1-0

[Event "Late-Titled-Tuesday-Blitz-June-04-2024"]
[Site "Chess.com"]
[Date "2024.06.04"]
[Round "3"]
[White "ExchangeAB"]
[Black "enestnrvrd"]
[Result "0-1"]
[WhiteElo "2463"]
[BlackElo "2663"]
[TimeControl "180+1"]
[EndTime "14:27:27 PDT"]
[Termination "enestnrvrd won by resignation"]

1. d4 Nf6 2. Nf3 d5 3. Bf4 c6 4. e3 Bg4 5. Nbd2 e6 6. c3 Bd6 7. h3 Bh5 8. Qb3 Bxf4 9. exf4 Qb6 10. Ne5 Nbd7 11. Bd3 Bg6 12. Bxg6 hxg6 13. O-O Rh4 14. Nd3 Ne4 15. Nf3 Rh8 16. Rad1 Qxb3 17. axb3 Ke7 18. b4 a5 19. Ra1 axb4 20. Nxb4 Nb6 21. Ne5 Nd6 22.
Nbd3 Nbc4 23. Nxc4 Nxc4 24. g3 Kd6 25. Kg2 b6 26. Ne5 Nxe5 27. fxe5+ Kc7 28. f4 c5 29. g4 Kc6 30. Kg3 Kb5 31. Rxa8 Rxa8 32. f5 gxf5 33. gxf5 cxd4 34. cxd4 Kc4 35. fxe6 fxe6 36. Rf4 Ra1 37. Kh4 Rd1 38. Kg5 Rxd4 39. Rf3 Re4 40. Kg6 Rxe5 41.
Kxg7 Re1 42. Kf6 d4 43. h4 d3 44. Rf2 Re2 45. Rf4+ Kb3 46. Rd4 Kc2 47. h5 e5 48. Rd5 e4 49. h6 d2 50. h7 Rh2 51.
Kg6 d1=Q 0-1

[Event "Late-Titled-Tuesday-Blitz-June-04-2024"]
[Site "Chess.com"]
[Date "2024.06.04"]
[Round "3"]
[White "mfschulz"]
[Black "guillembaches"]
[Result "0-1"]
[WhiteElo "2236"]
[BlackElo "2491"]
[TimeControl "180+1"]
[EndTime "14:27:29 PDT"]
[Termination "guillembaches won by resignation"]

1. d4 Nf6 2. Bg5 e6 3. Nd2 h6 4. Bh4 g5 5. Bg3 d6 6. e3 Bg7 7.
h4 g4 8. h5 Qe7 9. Be2 e5 10.
dxe5 dxe5 11. c3 Nc6 12. Bb5 Bd7 13. Ne2 O-O-O 14. Qa4 Kb8 15. O-O-O a6 16. Bc4 Nd4 17. Qb4 c5 18. Qa5 Nxe2+ 19. Bxe2 Bc6 20. f3 gxf3 21.
Bxf3 Nd5 22. Rhe1 Rhe8 23. Nc4 f6 24. Bf2 Bf8 25. Qa3 e4 26. Be2 Ka7 27. Qb3 Qc7 28.
a3 b5 29. Nd2 c4 30. Qc2 f5 31.
Bh4 Be7 32. Bf2 Nf6 33. Nf1 Rxd1+ 34. Rxd1 Rd8 35. Rxd8 Qxd8 36. Qd2 Qxd2+ 37. Kxd2 Be8 38. Ng3 Bd7 39. Bd1 Bd6 40. Ne2 Ng4 41. Bg1 Be7 42. Nd4 Ne5 43. Bh2 Nd3 44. Kc2 Ne1+ 45. Kd2 Nxg2 46.
Ke2 Bg5 47. Kf2 Nxe3 48. Be5 Nxd1+ 0-1

[Event "Late-Titled-Tuesday-Blitz-June-04-2024"]
[Site "Chess.com"]
[Date "2024.06.04"]
[Round "3"]
[White "IMRosen"]
[Black "HanSchut"]
[Result "1-0"]
[WhiteElo "2739"]
[BlackElo "2263"]
[TimeControl "180+1"]
[EndTime "14:27:31 PDT"]
[Termination "IMRosen won by checkmate"]

1. d4 d5 2. Bf4 e6 3. e3 Bd6 4. Bxd6 Qxd6 5. Qg4 Qf8 6. Nc3 Nf6 7. Qg3 c6 8. O-O-O Nbd7 9. f3 b5 10. Qc7 b4 11.
Qxc6 bxc3 12. Qxa8 cxb2+ 13. Kb1 Nb6 14. Bb5+ Nfd7 15.
Qxa7 Qd6 16. e4 Ke7 17. Rd3 Qb4 18. Qa3 Qxa3 19. Rxa3 dxe4 20. fxe4 Bb7 21. Bd3 Nf6 22. Rb3 Nfd7 23. Nf3 f6 24. c4 Bc6 25. Kxb2 Ra8 26. c5 Na4+ 27. Kb1 f5 28. Re1 fxe4 29.
Bxe4 Bxe4+ 30. Rxe4 Nf6 31. Rb7+ Kf8 32. Rxe6 Nc3+ 33.
Kb2 Nfd5 34. a3 h6 35. Ne5 Kg8 36. Rg6 Nd1+ 37. Kc1 N1e3 38. Rgxg7+ Kf8 39. Ng6+ Ke8 40. Rg8# 1-0

[Event "Late-Titled-Tuesday-Blitz-June-04-2024"]
[Site "Chess.com"]
[Date "2024.06.04"]
[Round "3"]
[White "mightysmasher"]
[Black "alex1531"]
[Result "0-1"]
[WhiteElo "2580"]
[BlackElo "2435"]
[TimeControl "180+1"]
[EndTime "14:27:33 PDT"]
[Termination "alex1531 won by checkmate"]

1. e4 c5 2. c3 d5 3. exd5 Qxd5 4.
d4 Nc6 5. Nf3 e5 6. dxe5 Qxd1+ 7. Kxd1 Bg4 8. Be2 O-O-O+ 9. Bd2 Nge7 10. Na3 Ng6 11. Nc4 Nf4 12. h3 Bh5 13. Nd6+ Bxd6 14.
Bxf4 Bxe5+ 15. Bd2 Bxf3 16. Bxf3 Bf4 17. Bg4+ Kb8 18.
g3 Bxd2 19. Kc2 Bg5 20. Rad1 Bf6 21. Rhe1 Rhe8 22. Rxe8 Rxe8 23. f4 g6 24. Rd7 Re7 25.
Rd6 Bg7 26. Rd2 h5 27. Bf3 Re3 28. Bxc6 bxc6 29. Rd7 Rxg3 30. Rxf7 Bh6 31. f5 gxf5 32. Rxf5 Rxh3 33. Rxc5 Kb7 34. b4 Be3 35. Re5 h4 36.
a4 Bf4 37. Re7+ Kb8 38. Re8+ Kc7 39. Re7+ Kd6 40. Rxa7 Re3 41. Rh7 h3 42. a5 h2 43. a6 Re1 44. a7 Ra1 45. a8=Q Rxa8 46. Kb2 Rg8 47. Kc2 Rg1 48. c4 h1=Q 49. c5+ Kd5 50.
Rxh1 Rxh1 51. Kd3 Rh3+ 52. Kc2 Kc4 53. Kd1 Kd3 54. Ke1 Be3 55. Kf1 Rg3 56. b5 Rg1# 0-1

[Event "Late-Titled-Tuesday-Blitz-June-04-2024"]
[Site "Chess.com"]
[Date "2024.06.04"]
[Round "3"]
[White "djano"]
[Black "Niteshch"]
[Result "0-1"]
[WhiteElo "2617"]
[BlackElo "2382"]
[TimeControl "180+1"]
[EndTime "14:27:34 PDT"]
[Termination "Niteshch won by resignation"]

1. e4 c5 2. Nc3 Nc6 3. Bb5 Nd4 4. Nf3 a6 5. Bd3 g6 6. b4 cxb4 7. Nd5 Nxf3+ 8. Qxf3 Bg7 9. Rb1 e6 10. Ne3 Ne7 11.
Rxb4 d5 12. h4 d4 13. Nc4 b5 14. Na3 Nc6 15. Rb1 Ne5 16. Qg3 h5 17. f4 Ng4 18. Be2 e5 19. O-O exf4 20. Qxf4 Be6 21. Nxb5 axb5 22. Bxb5+ Kf8 23. Bc6 d3 24. c3 Be5 25.
Qf3 Qxh4 26. Qh3 Bh2+ 27. Kh1 Nf2+ 28. Rxf2 Bxh3 29. Kxh2 Bd7+ 30. Kg1 Bxc6 31. Rb6 Qxe4 32. a3 Kg7 33. Rb4 Qe6 34. c4 Rhb8 35. Bb2+ Kg8 36.
Bc3 Rxb4 37. axb4 Ra1+ 38. Kh2 Re1 39. b5 Re2 40. Bd4 Rxf2 41. Bxf2 Qxc4 42. b6 Qd5 0-1